 Dungeon Crawl Stone Soup version 0.30-a0-709-gcdc1b43e22 (webtiles) character file.

Game seed: 1867336881592718713

80 Citaku the Covered (level 4, -6/40 HPs)
             Began as a Minotaur Fighter on Jan 22, 2023.
             Mangled by a gnoll
             ... wielding a +0 whip
              (7 damage)
             ... on level 3 of the Dungeon.
             The game lasted 00:01:49 (1225 turns).

Citaku the Covered (Minotaur Fighter)               Turns: 1225, Time: 00:01:49

Health: -6/40      AC:  7    Str: 23    XL:     4   Next: 18%
Magic:  3/3        EV:  9    Int:  5    God:
Gold:   74         SH:  4    Dex:  9    Spells: 3/3 levels left

rFire   . . .      SeeInvis .    a - +0 war axe
rCold   . . .      Faith    .    c - +0 buckler
rNeg    . . .      Spirit   .    b - +0 scale mail
rPois   .          Reflect  .    (helmet restricted)
rElec   .          Harm     .    (no cloak)
rCorr   .          Rampage  .    (no gloves)
Will    .....                    (no boots) Stlth
                                 (no amulet)
HPRegen 0.26/turn                (no ring)
MPRegen 0.08/turn                (no ring)

@: mighty
A: horns 2, retaliatory headbutt
a: no special abilities


You were on level 3 of the Dungeon.
You visited 1 branch of the dungeon, and saw 3 of its levels.

You collected 74 gold pieces.

Inventory:

Hand Weapons
 a - a +0 war axe (weapon)
Missiles
 k - a throwing net (quivered)
Armour
 b - a +0 scale mail (worn)
 c - a +0 buckler (worn)
Scrolls
 f - a scroll of torment {unknown}
 h - 3 scrolls of identify {unknown}
 i - a scroll of poison {unknown}
 j - 3 scrolls of fog {unknown}
 l - a scroll of teleportation {unknown}
Potions
 e - 2 potions of curing {unknown}
 g - 3 potions of heal wounds {unknown}
 m - a potion of flight {unknown}


   Skills:
 + Level 4.1 Fighting
 * Level 3.6 Axes
 * Level 4.6 Armour
 + Level 4.1 Shields


You had 3 spell levels left.
You didn't know any spells.
Your spell library was empty.

Dungeon Overview and Level Annotations

Branches:
Dungeon (3/15)

Altars:


Innate Abilities, Weirdness & Mutations

You have a pair of horns on your head.
You reflexively headbutt those who attack you in melee.


Message History

You are too injured to fight recklessly!
You are too injured to fight recklessly!
You are too injured to fight recklessly!
You are too injured to fight recklessly!
You are too injured to fight recklessly!
You are too injured to fight recklessly!
You feel very mighty all of a sudden. The gnoll closely misses you.
The gnoll reads a scroll.
Wisps of shadow swirl around the gnoll.
The gnoll hits you with a +0 halberd. The gnoll hits you with a +0 whip.
You slash the gnoll!
You kill the gnoll!
You closely miss the gnoll. You closely miss the rat.
You block the gnoll's attack. The gnoll barely misses you. The rat bites you.
* * * LOW HITPOINT WARNING * * *
You have reached level 4!
You feel stronger.
You closely miss the gnoll. You hit the hobgoblin. You hit the rat.
The gnoll hits you with a +0 whip.
* * * LOW HITPOINT WARNING * * *
The gnoll closely misses you. You block the rat's attack.
The hobgoblin hits you but does no damage.
You block the gnoll's attack. The gnoll hits you with a +0 whip.
* * * LOW HITPOINT WARNING * * *
You slice the gnoll!!
You kill the gnoll!
You slash the rat!
You kill the rat!
The rat's corpse dissolves into shadows!
You slash the hobgoblin!
You kill the hobgoblin!
The hobgoblin's corpse dissolves into shadows!
You barely miss the endoplasm.
The gnoll hits you from afar with a +0 spear.
* * * LOW HITPOINT WARNING * * *
The endoplasm freezes you.
You are frozen.
* * * LOW HITPOINT WARNING * * *
The gnoll hits you with a +0 whip!
You die...

.. #..............
.###...#..........
....#............ #
###.....##......... #..
..................
##...###................
......g.J...............
......#g................
#.g@g...............
#...............###....
#.####..........###....
. #.........###..###
##........###.##
#..........##.#
#..........##.#
#..........##.####
#...........#.....


You could see 2 gnolls, an endoplasm, a hobgoblin (summoned) and a goblin
(summoned).

Vanquished Creatures
  2 gnolls (D:3)
  2 adders (D:2)
  A worm (D:2)
  2 dart slugs
  2 ball pythons
  2 bats
  5 endoplasms
  A giant cockroach (D:1)
  3 goblins
  2 hobgoblins
  3 jackals (D:1)
  4 kobolds
  A quokka (D:1)
  6 rats
36 creatures vanquished.

Notes
Turn   | Place    | Note
-------+----------+-------------------------------------------
     0 | D:1      | Citaku the Minotaur Fighter began the quest for the Orb.
     0 | D:1      | Reached XP level 1. HP: 19/19 MP: 0/0
   152 | D:1      | Reached XP level 2. HP: 27/27 MP: 1/1
   546 | D:2      | Reached XP level 3. HP: 29/33 MP: 2/2
  1223 | D:3      | Reached XP level 4. HP: 11/40 MP: 3/3
  1224 | D:3      | HP: 1/40 [frozen (3)]
  1225 | D:3      | Mangled by a gnoll

Illustrated notes

Levels and vault maps discovered:
D:1:      roderic_octagonal_star, layout_rooms
D:2:      layout_loops_ring, kennysheep_pointless_box
D:3:      layout_rooms, chequers_ecumenical_altar_simple, serial_shops,
          nicolae_shop_waterfront

Skill      XL: |  1  2 |
---------------+-------+-----
Armour         | 4 |  4.6
Axes           | 3 |  3.6
Fighting       | 4 |  4.1
Shields        | 4 |  4.1

Action                     |  1- 3 |  4- 6 || total
---------------------------+-------+-------++-------
  Melee: War axe           |    68 |     2 ||    70
         Headbutt          |     8 |       ||     8
    Use: Potion            |     1 |       ||     1
 Armour: Scale mail        |    46 |     1 ||    47
  Dodge: Dodged            |    31 |     1 ||    32
  Block: Buckler           |    17 |     2 ||    19

Table legend: (Time is in decaauts)
 A = Elapsed time spent in this place.
 B = Non-inter-level travel time spent in this place.
 C = Inter-level travel time spent in this place.
 D = Time resting spent in this place.
 E = Time spent auto-exploring this place.
 F = Levels seen in this place.
 G = Mean time per level.
                   A        B        C        D        E       F      G
               +--------+--------+--------+--------+--------+-----+--------+
         Total |   1251 |   1183 |     68 |      0 |    974 |   3 |  417.0 |
       Dungeon |   1251 |   1183 |     68 |      0 |    974 |   3 |  417.0 |
               +--------+--------+--------+--------+--------+-----+--------+

Top non-repeatable levels by time:
     D:2: 693 daAuts
     D:1: 508 daAuts
     D:3: 49 daAuts
